 Dungeon Crawl Stone Soup version 0.28-a0-1152-g9c71ebef14 (webtiles) character file.

Game seed: 5985071251466076927

213 yoda5477 the Skirmisher (level 5, -3/41 HPs)
             Began as a Demonspawn Transmuter on Dec 13, 2021.
             Slain by a gnoll sergeant (6 damage)
             ... on level 3 of the Dungeon on Dec 14, 2021.
             The game lasted 00:29:27 (6176 turns).

yoda5477 the Skirmisher (Demonspawn Transmuter)     Turns: 6176, Time: 00:29:27

Health: -3/41      AC:  5    Str: 12    XL:     5   Next: 59%
Magic:  8/8        EV: 11    Int: 14    God:
Gold:   969        SH:  0    Dex: 14    Spells: 5/8 levels left

rFire   . . .      SeeInvis .   a - +0 whip (elec)
rCold   . . .      Faith    .   (no shield)
rNeg    . . .      Spirit   .   h - +0 ring mail
rPois   .          Reflect  .   (helmet currently unavailable)
rElec   .          Harm     .   (no cloak)
rCorr   .          Rampage  .   (no gloves)
Will    .....                   (boots currently unavailable)
Stlth   +.........              (no amulet)
HPRegen 0.13/turn               (no ring)
MPRegen 0.11/turn               (no ring)

@: appendages (expiring)
A: horns 2, talons 2, powered by death 1, demonic magic 1, weakness stinger 1
a: End Transformation


You were on level 3 of the Dungeon.
You had temporarily grown beastly horns and talons.
You visited 1 branch of the dungeon, and saw 4 of its levels.

You collected 969 gold pieces.

Inventory:

Hand Weapons
 a - a +0 whip of electrocution (weapon)
 b - a +0 spear
 g - a +0 short sword
 u - a +0 trident
Missiles
 d - 80 stones
 f - 50 sling bullets
 l - 18 arrows
 v - 8 poisoned darts (quivered)
Armour
 c - a +0 robe
 h - a +0 ring mail (worn)
 j - a +0 pair of boots (melded)
 q - a +0 chain mail
Scrolls
 e - 2 scrolls of teleportation
 m - a scroll of holy word {unknown}
Potions
 i - a potion of resistance
 k - a potion of lignification {unknown}
 n - 2 potions of brilliance
 p - a potion of might
 r - a potion of attraction {unknown}


   Skills:
 + Level 3.1 Fighting
 * Level 1.8 Armour
 + Level 2.6 Dodging
 - Level 2.0 Stealth
 - Level 2.6 Unarmed Combat
 - Level 2.0 Spellcasting
 + Level 2.7 Transmutations


You had 5 spell levels left.
You knew the following spells:

 Your Spells              Type           Power      Damage    Failure   Level
a - Beastly Appendage     Tmut           18%        N/A       17%         1
b - Wereblood             Tmut           9%         N/A       26%         2

Your spell library contained the following spells:

 Spells                   Type           Power      Damage    Failure   Level
 Foxfire                  Conj/Fire      4%         2x1d4     45%         1
 Spider Form              Tmut/Pois      5%         N/A       65%         3
 Conjure Flame            Conj/Fire      1%         6-21      83%         3
 Inner Flame              Hex/Fire       1%         N/A       83%         3
 Ice Form                 Ice/Tmut       5%         N/A       96%         4
 Flame Wave               Conj/Fire      1%         2d4       99%         4


Dungeon Overview and Level Annotations

Branches:
Dungeon (4/15)
 Temple: D:4-7

Altars:

Shops:
D:4 (

Annotations:
D:4 exclusion: ogre


Innate Abilities, Weirdness & Mutations

You have temporarily grown beastly horns and talons.
You regenerate a little health from kills.
Spells you cast may paralyse adjacent enemies.
You have a small tail.


Message History

Malevolent energies surge around you.
Throw: 8 darts (poison)
Press: ? - help, Q - select action, (/) - cycle Shift-Dir - straight line, f - gnoll sergeant
Aim: a gnoll sergeant, wielding a +0 spear, wearing a +0 ring mail and wearing a +0 buckler (67% to hit)
Okay, then.
The gnoll sergeant misses you.
You hit the gnoll sergeant.
The gnoll sergeant is lightly wounded.
The gnoll sergeant closely misses you.
You hit the gnoll sergeant.
Lightning courses through the gnoll sergeant!!
You claw the gnoll sergeant, but do no damage.
The gnoll sergeant is almost dead.
The gnoll sergeant hits you with a +0 spear!
The gnoll sergeant blocks your attack.
Your kick misses the gnoll sergeant.
Your headbutt misses the gnoll sergeant.
The gnoll sergeant is almost dead.
The gnoll sergeant barely misses you.
You closely miss the gnoll sergeant.
You claw the gnoll sergeant, but do no damage.
The gnoll sergeant is almost dead.
The gnoll sergeant misses you. The gnoll sergeant blocks your attack.
You punch the gnoll sergeant, but do no damage.
The gnoll sergeant is almost dead.
The gnoll sergeant hits you with a +0 spear!
* * * LOW HITPOINT WARNING * * *
You hit the gnoll sergeant. The gnoll sergeant blocks your attack.
You tail-slap the gnoll sergeant, but do no damage.
The gnoll sergeant is almost dead.
The gnoll sergeant hits you with a +0 spear.
* * * LOW HITPOINT WARNING * * *
The gnoll sergeant hits you with a +0 spear.
* * * LOW HITPOINT WARNING * * *
You barely miss the gnoll sergeant.
You claw the gnoll sergeant, but do no damage.
Your headbutt misses the gnoll sergeant.
The gnoll sergeant is almost dead.
The gnoll sergeant hits you with a +0 spear.
You die...

.#.#..............#.....#........
.#.#..#.......#...#.....#........
.#.......#....#...#.....#.g......
.#.....#.#....#####.....#........
..............#####.....#........
.......#......#.........#........
.......#<.....#.......######.....
....#+#..........g....#...#......
....#.#.........@.....#...#......
#####.#.<.............#...#......
........#.............#...#......
........####.....####............
........# #.....................
....#.### #.....................
......######............###......
...........#............#.......#
.##...###.##.#..................#


You could see a gnoll sergeant.

Vanquished Creatures
  A water moccasin skeleton (D:4)
  A jelly (D:4)
  7 adders
  2 worms
  2 dart slugs
  11 endoplasms
  6 giant cockroaches
  4 goblins
  6 hobgoblins
  3 quokkas
  7 ball pythons
  3 frilled lizards
  4 kobolds
  9 rats
  A spectral goblin (D:1)
67 creatures vanquished.

Notes
Turn   | Place    | Note
-------+----------+-------------------------------------------
     0 | D:1      | yoda5477 the Demonspawn Transmuter began the quest for the
                  | Orb.
     0 | D:1      | Reached XP level 1. HP: 15/15 MP: 3/3
   102 | D:1      | Found a faded altar of an unknown god.
   318 | D:1      | Gained mutation: You regenerate a little health from kills.
                  | [demonic ancestry]
   318 | D:1      | Reached XP level 2. HP: 20/21 MP: 3/5
   507 | D:1      | Reached skill level 1 in Stealth
  1801 | D:2      | Gained mutation: Spells you cast may paralyse adjacent
                  | enemies. [demonic ancestry]
  1801 | D:2      | Reached XP level 3. HP: 27/27 MP: 4/6
  2163 | D:2      | Reached skill level 2 in Fighting
  3132 | D:2      | Reached XP level 4. HP: 21/33 MP: 5/7
  4245 | D:2      | Upgraded the game from 0.28-a0-1143-gcf6077d4cc to
                  | 0.28-a0-1152-g9c71ebef14
  4714 | D:3      | Reached skill level 1 in Armour
  4768 | D:4      | Noticed a black bear
  5053 | D:4      | Identified a scroll of acquirement
  5053 | D:4      | Acquired 856 gold pieces
  5376 | D:4      | Found Ikeitin's Antique Weapon Emporium.
  5382 | D:4      | Learned a level 2 spell: Wereblood
  5390 | D:4      | Discovered your monstrous ancestry.
  5390 | D:4      | Gained mutation: You have a small tail. [demonic ancestry]
  5390 | D:4      | Reached XP level 5. HP: 38/40 MP: 6/8
  5459 | D:4      | Noticed an ogre
  5764 | D:4      | Reached skill level 3 in Fighting
  6176 | D:3      | Slain by a gnoll sergeant

Illustrated notes

Levels and vault maps discovered:
D:1:      eino_arrival_druids_welcome, layout_loops_corners,
          dreamdust_ecumenical_altar_drowned_temple, minmay_misc_feat_tower
D:2:      layout_loops_corners, minmay_indecisive_spiral
D:3:      layout_basic
D:4:      layout_loops_ring, serial_shops,
          nicolae_shop_temple_entry_statues_fountains, columned_hall_lemuel,
          lightli_minifort

Skill      XL: |  1  2  3  4  5 |
---------------+----------------+-----
Stealth        | 1 2 |  2.0
Transmutations | 2 |  2.7
Dodging        | 2 |  2.6
Fighting       | 2 3 |  3.1
Armour         | 1 |  1.8
Unarmed Combat | |  2.6
Spellcasting   | |  2.0

Action                   |  1- 3 |  4- 6 || total
-------------------------+-------+-------++-------
Melee: Whip              |    93 |    86 ||   179
       Headbutt          |    17 |    15 ||    32
       Kick              |    24 |    16 ||    40
       Punch             |       |     2 ||     2
       Tailslap          |       |     5 ||     5
Throw: Stone             |    17 |    32 ||    49
       Dart              |       |     7 ||     7
 Cast: Beastly Appendage |    36 |    35 ||    71
  Use: Scroll            |       |    10 ||    10
 Stab: Sleeping          |     5 |     1 ||     6
       Paralysed         |       |     1 ||     1
Armor: Robe              |    11 |     6 ||    17
       Ring mail         |       |     6 ||     6
Dodge: Dodged            |    43 |    49 ||    92

Table legend: (Time is in decaauts)
 A = Elapsed time spent in this place.
 B = Non-inter-level travel time spent in this place.
 C = Inter-level travel time spent in this place.
 D = Time resting spent in this place.
 E = Time spent auto-exploring this place.
 F = Levels seen in this place.
 G = Mean time per level.
                   A        B        C        D        E       F      G
               +--------+--------+--------+--------+--------+-----+--------+
         Total |   6214 |   5650 |    564 |   1316 |   2477 |   4 | 1553.5 |
       Dungeon |   6214 |   5650 |    564 |   1316 |   2477 |   4 | 1553.5 |
               +--------+--------+--------+--------+--------+-----+--------+

Top non-repeatable levels by time:
     D:2: 2284 daAuts
     D:3: 1607 daAuts
     D:1: 1276 daAuts
     D:4: 1046 daAuts
